Senateurs vs Stars
Created - February 29, 2024 at 22:52
Goals
|
| Senateurs |
0 |
1 |
1 |
2 |
| Stars |
2 |
0 |
2 |
4 |
|
Shots
|
| Senateurs |
10 |
10 |
12 |
32 |
| Stars |
14 |
8 |
7 |
29 |
|
1st period
1. Stars , Scott Kosmachuck 8 (Tobias Rieder 12, Henrik Borgstrom 6) at 5:01
2. Stars , Scott Kosmachuck 9 (Tobias Rieder 13, Henrik Borgstrom 7) at 12:03
Penalties :
Brian Lee (Dal) for Hooking (Minor) at 2:22, Derick Brassard (Ott) for Slashing (Minor) at 9:13
2nd period
3. Senateurs , Brandon Sutter 17 (Michael Frolik 16, David Backes 46) at 18:18 (PP)
Penalties :
Michael Grabner (Dal) for Tripping (Minor) at 7:14, Brian Lee (Dal) for Holding (Minor) at 17:44, John Tavares (Dal) for Tripping (Minor) at 18:50, Ladislav Smid (Ott) for Roughing (Double Minor) at 19:53
3rd period
4. Senateurs , Pierre-Edouard Bellemare 4 (Dmitry Sinitsyn 7, Riley Sheahan 13) at 8:13
5. Stars , Jonathan Drouin 12 (Evgeny Grachev 23, Alex Chiasson 17) at 13:14 (PP)
6. Stars , John Tavares 31 (Michael Grabner 32, Jonathan Drouin 26) at 19:44 (Empty Net)
Penalties :
Derick Brassard (Ott) for Holding (Minor) at 12:35, Derick Brassard (Ott) for Tripping (Minor) at 13:17
Goalie Stats
Martin Jones (Ott), 25 saves from 28 shots - (0.893), L, 21-20-4, 59:13 minutes
Matt Murray (Dal), 30 saves from 32 shots - (0.938), W, 19-17-4, 60:00 minutes
Players Stats for Senateurs
Player Name G A P +/- PIM S H SB GA TA FO MP PP MP PK MP
------------------------------------------------------------------------------------
Brandon Sutter 1 0 1 0 0 4 0 0 0 0 2/4 17:03 2:15 1:43
David Backes 0 1 1 -1 0 3 1 0 1 0 4/5 19:01 3:20 0:00
Dennis Everberg 0 0 0 -1 0 3 1 0 0 0 0/0 7:10 0:00 0:00
Derick Brassard 0 0 0 -1 6 2 2 1 0 1 2/3 20:50 3:20 1:06
Dmitry Sinitsyn 0 1 1 0 0 2 0 2 0 1 0/0 12:44 0:00 0:14
Eric Gelinas 0 0 0 -1 0 1 0 3 0 0 0/0 26:12 2:46 3:46
Erik Gudbranson 0 0 0 -1 0 2 1 1 1 0 0/0 26:27 2:46 4:00
Jordan Martinook 0 0 0 0 0 2 4 0 0 0 1/2 17:49 2:15 2:42
Ladislav Smid 0 0 0 -1 4 1 1 0 0 1 0/0 19:45 2:48 2:08
Mark Stuart 0 0 0 -1 0 0 0 1 0 0 0/0 21:04 2:49 3:40
Michael Frolik 0 1 1 0 0 4 3 0 0 0 1/2 18:45 2:15 3:17
Nick Bjugstad 0 0 0 -1 0 3 0 0 1 1 18/32 24:02 3:20 4:35
Pierre-Edouard Bellemare 1 0 1 0 0 1 0 0 1 1 1/3 10:07 0:00 0:05
Riley Sheahan 0 1 1 0 0 2 0 0 0 0 0/0 11:03 0:00 0:28
Rostislav Olesz 0 0 0 0 0 2 2 0 0 1 0/0 11:10 0:00 1:24
Taylor Chorney 0 0 0 0 0 0 0 0 1 0 0/0 13:48 0:00 1:32
Tim Schaller 0 0 0 -1 0 0 2 0 0 1 0/0 7:10 0:00 0:00
Tomas Nosek 0 0 0 -1 0 0 0 0 0 1 1/4 7:10 0:00 0:00
Players Stats for Stars
Player Name G A P +/- PIM S H SB GA TA FO MP PP MP PK MP
------------------------------------------------------------------------------------
Alex Chiasson 0 1 1 0 0 2 2 0 0 0 0/0 16:03 3:31 0:00
Andrej Sustr 0 0 0 1 0 3 0 1 0 1 0/0 27:47 4:37 3:47
Andrew Ladd 0 0 0 0 0 1 1 1 1 0 0/0 8:41 0:41 1:33
Ben Chiarot 0 0 0 -1 0 1 1 0 0 0 0/0 20:03 3:03 1:48
Boris Valabik 0 0 0 1 0 1 0 2 0 1 0/0 27:47 4:37 3:47
Brian Lee 0 0 0 2 4 0 1 0 0 1 0/0 12:13 0:00 0:00
Cam Atkinson 0 0 0 0 0 1 3 0 0 0 0/0 10:23 0:36 0:00
Evgeny Grachev 0 1 1 0 0 0 0 0 0 0 5/14 17:37 3:16 2:17
Evgeny Kuznetsov 0 0 0 0 0 0 0 1 0 1 1/3 10:24 0:23 0:20
Guillaume Latendresse 0 0 0 0 0 0 2 0 1 0 0/3 24:29 3:45 3:42
Henrik Borgstrom 0 2 2 1 0 1 0 0 0 0 3/3 7:37 0:00 0:00
John Tavares 1 0 1 1 2 2 1 0 2 0 14/27 22:57 4:01 2:55
Jonathan Drouin 1 1 2 1 0 2 0 0 1 0 0/2 17:01 2:17 0:23
Michael Grabner 0 1 1 1 2 6 2 0 1 1 1/2 19:38 3:33 0:00
Paul Ladue 0 0 0 -1 0 1 2 0 1 0 0/0 20:03 3:03 1:48
Scott Kosmachuck 2 0 2 1 0 3 0 0 1 0 0/0 7:37 0:00 0:00
Tobias Rieder 0 2 2 1 0 4 0 0 0 0 1/1 10:55 0:57 0:00
Tyler Wotherspoon 0 0 0 2 0 1 0 2 0 0 0/0 12:10 0:00 0:00
3 Stars
1 - Scott Kosmachuck (Dal)
2 - Jonathan Drouin (Dal)
3 - Henrik Borgstrom (Dal)
Power Play
Senateurs - 1 on 4 Attempt(s) - 25.00%
Stars - 1 on 5 Attempt(s) - 20.00%
Penalty Kill
Senateurs - 4 on 5 Attempt(s) - 80.00%
- Score 0 goal in Penalty Kill
Stars - 3 on 4 Attempt(s) - 75.00%
- Score 0 goal in Penalty Kill
Team Stat
Senateurs - Hits : 17 - Faceoff Wins : 30 - Blocked Shots : 8 - Penalty Minutes : 10
Stars - Hits : 15 - Faceoff Wins : 25 - Blocked Shots : 7 - Penalty Minutes : 8
Official
Referees : Graham Skilliter and Pierre Lambert
Linesman : Libor Suchanek and Jonny Murray
Game Notes
Andrew Ladd is injured at 11:24 of 2nd period (Sprained Right Ankle)
John Tavares has scored in a empty net!
Finance
Level 1 -- Attendance: 6000 (100.00%) -- Ticket Income $600,000
Level 2 -- Attendance: 4937 (98.74%) -- Ticket Income $296,220
Level 3 -- Attendance: 1861 (93.05%) -- Ticket Income $65,135
Level 4 -- Attendance: 3770 (94.25%) -- Ticket Income $94,250
Luxury Box -- Attendance: 980 (98.00%) -- Ticket Income $196,000
Game was played at the American Airlines Center.
Total Attendance: 17548 (97.49%)
Total Ticket Income: $1,251,605
Other Income: $187,741
Total Income: $1,439,346
Senateurs
5 vs 5 Forward
Center Left Wing Right Wing Time % Phy DF OF
1 Nick Bjugstad Derick Brassard David Backes 45 1 2 2
2 Brandon Sutter Jordan Martinook Michael Frolik 30 1 2 2
3 Pierre-Edouard Bellemare Rostislav Olesz Riley Sheahan 15 1 2 2
4 Tomas Nosek Tim Schaller Dennis Everberg 10 1 2 2
5 vs 5 Defense
Defense Defense Time % Phy DF OF
1 Erik Gudbranson Eric Gelinas 45 1 2 2
2 Mark Stuart Ladislav Smid 30 1 2 2
3 Taylor Chorney Dmitry Sinitsyn 15 1 2 2
4 Erik Gudbranson Eric Gelinas 10 1 2 2
PowerPlay Forward
Center Left Wing Right Wing Time % Phy DF OF
1 Nick Bjugstad Derick Brassard David Backes 60 1 2 2
2 Brandon Sutter Jordan Martinook Michael Frolik 40 1 2 2
PowerPlay Defense
Defense Defense Time % Phy DF OF
1 Erik Gudbranson Eric Gelinas 60 1 2 2
2 Mark Stuart Ladislav Smid 40 1 2 2
Penalty Kill 4 Players Forward
Center Wing Time % Phy DF OF
1 Nick Bjugstad Derick Brassard 60 1 2 2
2 Brandon Sutter Jordan Martinook 40 1 2 2
Penalty Kill 4 Players Defense
Defense Defense Time % Phy DF OF
1 Erik Gudbranson Eric Gelinas 60 1 2 2
2 Mark Stuart Ladislav Smid 40 1 2 2
Penalty Kill - 3 Players Forward
Forward Time % Phy DF OF
1 Nick Bjugstad 60 1 2 2
2 Brandon Sutter 40 1 2 2
Penalty Kill - 3 Players Defense
Defense Defense Time % Phy DF OF
1 Erik Gudbranson Eric Gelinas 60 1 2 2
2 Mark Stuart Ladislav Smid 40 1 2 2
4 vs 4 Forward
Center Wing Time % Phy DF OF
1 Nick Bjugstad Derick Brassard 60 1 2 2
2 Brandon Sutter Jordan Martinook 40 1 2 2
4 vs 4 Defense
Defense Defense Time % Phy DF OF
1 Erik Gudbranson Eric Gelinas 60 1 2 2
2 Mark Stuart Ladislav Smid 40 1 2 2
Last Minutes Offensive
Center Left Wing Right Wing Defense Defense
Nick Bjugstad Derick Brassard David Backes Erik Gudbranson Eric Gelinas
Last Minutes Defensive
Center Left Wing Right Wing Defense Defense
Nick Bjugstad Derick Brassard David Backes Erik Gudbranson Eric Gelinas
Goaltenders
Starting : Martin Jones
Backup : Jaroslav Halak
Extra Forwards
Normal : Michael Frolik, Riley Sheahan, Pierre-Edouard Bellemare - PP : Michael Frolik, Riley Sheahan - PK : Michael Frolik
Extra Defensemen
Normal : Ladislav Smid, Taylor Chorney, Dmitry Sinitsyn - PP : Ladislav Smid - PK : Ladislav Smid, Taylor Chorney
Penalty Shots
Nick Bjugstad, Derick Brassard, Brandon Sutter, David Backes, Michael Frolik
Custom OT Lines Forwards
Nick Bjugstad, Derick Brassard, Brandon Sutter, David Backes, Michael Frolik, Riley Sheahan, Pierre-Edouard Bellemare, Jordan Martinook, Rostislav Olesz, Dennis Everberg
Custom OT Lines Defensemen
Erik Gudbranson, Eric Gelinas, Mark Stuart, Ladislav Smid, Taylor Chorney
Scratches
Braydon Coburn (Healthy), Kyle Rau (Healthy)
Stars
5 vs 5 Forward
Center Left Wing Right Wing Time % Phy DF OF
1 John Tavares Guillaume Latendresse Michael Grabner 40 1 2 2
2 Evgeny Grachev Andrew Ladd Alex Chiasson 30 1 2 2
3 Evgeny Kuznetsov Jonathan Drouin Cam Atkinson 20 1 2 2
4 Henrik Borgstrom Tobias Rieder Scott Kosmachuck 10 1 2 2
5 vs 5 Defense
Defense Defense Time % Phy DF OF
1 Andrej Sustr Boris Valabik 40 1 2 2
2 Paul Ladue Ben Chiarot 30 1 2 2
3 Brian Lee Tyler Wotherspoon 20 1 2 2
4 Andrej Sustr Boris Valabik 10 1 2 2
PowerPlay Forward
Center Left Wing Right Wing Time % Phy DF OF
1 John Tavares Guillaume Latendresse Michael Grabner 60 0 2 3
2 Evgeny Grachev Andrew Ladd Alex Chiasson 40 0 2 3
PowerPlay Defense
Defense Defense Time % Phy DF OF
1 Andrej Sustr Boris Valabik 60 1 2 2
2 Paul Ladue Ben Chiarot 40 1 2 2
Penalty Kill 4 Players Forward
Center Wing Time % Phy DF OF
1 John Tavares Guillaume Latendresse 60 1 2 2
2 Evgeny Grachev Andrew Ladd 40 1 2 2
Penalty Kill 4 Players Defense
Defense Defense Time % Phy DF OF
1 Andrej Sustr Boris Valabik 60 0 3 2
2 Paul Ladue Ben Chiarot 40 0 3 2
Penalty Kill - 3 Players Forward
Forward Time % Phy DF OF
1 John Tavares 60 1 2 2
2 Evgeny Grachev 40 1 2 2
Penalty Kill - 3 Players Defense
Defense Defense Time % Phy DF OF
1 Andrej Sustr Boris Valabik 60 0 3 2
2 Paul Ladue Ben Chiarot 40 0 3 2
4 vs 4 Forward
Center Wing Time % Phy DF OF
1 John Tavares Guillaume Latendresse 60 0 2 3
2 Evgeny Grachev Andrew Ladd 40 0 2 3
4 vs 4 Defense
Defense Defense Time % Phy DF OF
1 Andrej Sustr Boris Valabik 60 1 2 2
2 Paul Ladue Ben Chiarot 40 1 2 2
Last Minutes Offensive
Center Left Wing Right Wing Defense Defense
John Tavares Guillaume Latendresse Michael Grabner Andrej Sustr Boris Valabik
Last Minutes Defensive
Center Left Wing Right Wing Defense Defense
John Tavares Guillaume Latendresse Michael Grabner Andrej Sustr Boris Valabik
Goaltenders
Starting : Matt Murray
Backup : Jhonas Enroth
Extra Forwards
Normal : Andrew Ladd, Jonathan Drouin, Tobias Rieder - PP : Andrew Ladd, Jonathan Drouin - PK : Andrew Ladd
Extra Defensemen
Normal : Ben Chiarot, Brian Lee, Tyler Wotherspoon - PP : Ben Chiarot - PK : Ben Chiarot, Brian Lee
Penalty Shots
John Tavares, Michael Grabner, Guillaume Latendresse, Alex Chiasson, Andrew Ladd
Custom OT Lines Forwards
John Tavares, Michael Grabner, Guillaume Latendresse, Alex Chiasson, Andrew Ladd, Jonathan Drouin, Tobias Rieder, Evgeny Grachev, Cam Atkinson, Scott Kosmachuck
Custom OT Lines Defensemen
Andrej Sustr, Boris Valabik, Paul Ladue, Ben Chiarot, Brian Lee
Scratches
None
% Time on Ice - Senateurs
Lines # - Real PCT - Wanted PCT - Time Play
Normal Forward
1 - 33% - 45% - 14:59
2 - 29% - 30% - 12:56
3 - 22% - 15% - 9:46
4 - 16% - 10% - 7:10
Normal Defense
1 - 41% - 45% - 18:15
2 - 33% - 30% - 14:49
3 - 25% - 15% - 11:07
4 - 1% - 10% - 0:40
PP Forward
1 - 60% - 60% - 3:20
2 - 40% - 40% - 2:15
PP Defense
1 - 50% - 60% - 2:46
2 - 50% - 40% - 2:49
PK Forward
1 - 90% - 60% - 6:56
2 - 10% - 40% - 0:44
PK Defense
1 - 49% - 60% - 3:46
2 - 51% - 40% - 3:54
PK3 Forward
1 - 0% - 60%
2 - 0% - 40%
PK3 Defense
1 - 0% - 60%
2 - 0% - 40%
44 Forward
1 - 84% - 60% - 0:47
2 - 16% - 40% - 0:09
44 Defense
1 - 80% - 60% - 0:45
2 - 20% - 40% - 0:11
Last Minute Offensive - 0:58
Last Minute Defensive - 0:00
Total
Forward - 60:00
Defense - 60:00
|
% Time on Ice - Stars
Lines # - Real PCT - Wanted PCT - Time Play
Normal Forward
1 - 34% - 40% - 15:07
2 - 30% - 30% - 13:15
3 - 20% - 20% - 8:51
4 - 17% - 10% - 7:37
Normal Defense
1 - 36% - 40% - 15:55
2 - 33% - 30% - 14:53
3 - 27% - 20% - 12:10
4 - 4% - 10% - 1:52
PP Forward
1 - 52% - 60% - 4:01
2 - 48% - 40% - 3:39
PP Defense
1 - 60% - 60% - 4:37
2 - 40% - 40% - 3:03
PK Forward
1 - 83% - 60% - 4:39
2 - 17% - 40% - 0:56
PK Defense
1 - 68% - 60% - 3:47
2 - 32% - 40% - 1:48
PK3 Forward
1 - 0% - 60%
2 - 0% - 40%
PK3 Defense
1 - 0% - 60%
2 - 0% - 40%
44 Forward
1 - 100% - 60% - 0:56
2 - 0% - 40% - 0:00
44 Defense
1 - 66% - 60% - 0:37
2 - 34% - 40% - 0:19
Last Minute Offensive - 0:00
Last Minute Defensive - 0:59
Total
Forward - 60:00
Defense - 60:00
|
Play-by-Play
1st period
0:01 of 1st period - David Backes wins face-off versus John Tavares in neutral zone.
1:03 of 1st period - Dennis Everberg is hit by Cam Atkinson and loses puck.
1:39 of 1st period - Paul Ladue is hit by Rostislav Olesz and loses puck.
2:00 of 1st period - Wrist shot by Evgeny Grachev.
2:00 of 1st period - Shot Blocked by Dmitry Sinitsyn.
2:02 of 1st period - Slapshot by Tyler Wotherspoon.
2:02 of 1st period - Stopped by Martin Jones with a rebound.
2:08 of 1st period - Snap shot by Alex Chiasson.
2:08 of 1st period - Stopped by Martin Jones without a rebound.
2:09 of 1st period - John Tavares wins face-off versus Nick Bjugstad in Senateurs zone.
2:12 of 1st period - Wrist shot by Michael Grabner.
2:12 of 1st period - Stopped by Martin Jones with a rebound.
2:14 of 1st period - Snap shot by Michael Grabner.
2:14 of 1st period - Deflect By John Tavares.
2:14 of 1st period - Shot Blocked by Eric Gelinas.
2:14 of 1st period - Puck is out of play.
2:15 of 1st period - Nick Bjugstad wins face-off versus John Tavares in Senateurs zone.
2:20 of 1st period - Slapshot by Erik Gudbranson.
2:20 of 1st period - Stopped by Matt Murray with a rebound.
2:22 of 1st period - Minor Penalty to Brian Lee for Hooking.
2:23 of 1st period - John Tavares wins face-off versus Nick Bjugstad in Stars zone.
2:38 of 1st period - Snap shot by Erik Gudbranson.
2:38 of 1st period - Shot Misses the Net.
2:52 of 1st period - Slapshot by Brandon Sutter.
2:52 of 1st period - Shot Misses the Net.
3:10 of 1st period - Snap shot by Andrew Ladd.
3:10 of 1st period - Stopped by Martin Jones without a rebound.
3:11 of 1st period - Evgeny Grachev wins face-off versus Nick Bjugstad in Senateurs zone.
3:45 of 1st period - Guillaume Latendresse is hit by Michael Frolik and loses puck.
4:22 of 1st period - Penalty to Brian Lee is over, Brian Lee is back on ice.
4:51 of 1st period - Icing by Mark Stuart.
4:52 of 1st period - Henrik Borgstrom wins face-off versus Tomas Nosek in Senateurs zone.
5:01 of 1st period - Wrist shot by Scott Kosmachuck.
5:01 of 1st period - Goal by Scott Kosmachuck - Senateurs : 0 - Stars : 1.
5:02 of 1st period - Nick Bjugstad wins face-off versus John Tavares in neutral zone.
5:29 of 1st period - Ben Chiarot is hit by Jordan Martinook.
6:04 of 1st period - Icing by Evgeny Kuznetsov.
6:05 of 1st period - Nick Bjugstad wins face-off versus Evgeny Kuznetsov in Stars zone.
6:34 of 1st period - Backhand shot by Brandon Sutter.
6:34 of 1st period - Stopped by Matt Murray with a rebound.
6:38 of 1st period - Backhand shot by Michael Frolik.
6:38 of 1st period - Stopped by Matt Murray without a rebound.
6:39 of 1st period - John Tavares wins face-off versus Brandon Sutter in Stars zone.
7:28 of 1st period - Off-side.
7:29 of 1st period - Henrik Borgstrom wins face-off versus Tomas Nosek in neutral zone.
7:42 of 1st period - Snap shot by Henrik Borgstrom.
7:42 of 1st period - Stopped by Martin Jones with a rebound.
7:58 of 1st period - Slapshot by Guillaume Latendresse.
7:58 of 1st period - Shot Misses the Net.
8:14 of 1st period - Andrej Sustr is hit by Michael Frolik and loses puck.
8:23 of 1st period - Snap shot by Andrew Ladd.
8:23 of 1st period - Shot Misses the Net.
8:33 of 1st period - Wrist shot by Jonathan Drouin.
8:33 of 1st period - Stopped by Martin Jones without a rebound.
8:34 of 1st period - Evgeny Kuznetsov wins face-off versus Pierre-Edouard Bellemare in Senateurs zone.
9:13 of 1st period - Minor Penalty to Derick Brassard for Slashing.
9:14 of 1st period - John Tavares wins face-off versus Nick Bjugstad in Senateurs zone.
9:28 of 1st period - Wrist shot by Michael Grabner.
9:28 of 1st period - Stopped by Martin Jones without a rebound.
9:29 of 1st period - John Tavares wins face-off versus Nick Bjugstad in Senateurs zone.
9:42 of 1st period - Snap shot by Michael Grabner.
9:42 of 1st period - Stopped by Martin Jones without a rebound.
9:43 of 1st period - John Tavares wins face-off versus Nick Bjugstad in Senateurs zone.
10:37 of 1st period - Jordan Martinook is hit by Guillaume Latendresse and loses puck.
11:13 of 1st period - Penalty to Derick Brassard is over, Derick Brassard is back on ice.
11:47 of 1st period - Slapshot by Boris Valabik.
11:47 of 1st period - Stopped by Martin Jones without a rebound.
11:48 of 1st period - Henrik Borgstrom wins face-off versus Pierre-Edouard Bellemare in Senateurs zone.
11:55 of 1st period - Wrist shot by Tobias Rieder.
11:55 of 1st period - Stopped by Martin Jones with a rebound.
12:01 of 1st period - Wrist shot by Scott Kosmachuck.
12:01 of 1st period - Shot Blocked by Eric Gelinas.
12:03 of 1st period - Wrist shot by Scott Kosmachuck.
12:03 of 1st period - Goal by Scott Kosmachuck - Senateurs : 0 - Stars : 2.
12:04 of 1st period - John Tavares wins face-off versus Nick Bjugstad in neutral zone.
12:17 of 1st period - Snap shot by Michael Grabner.
12:17 of 1st period - Stopped by Martin Jones with a rebound.
12:55 of 1st period - Erik Gudbranson is hit by Andrew Ladd.
12:59 of 1st period - Wrist shot by Eric Gelinas.
12:59 of 1st period - Stopped by Matt Murray with a rebound.
13:01 of 1st period - Slapshot by Michael Frolik.
13:01 of 1st period - Shot Blocked by Boris Valabik.
13:05 of 1st period - Wrist shot by Brandon Sutter.
13:05 of 1st period - Stopped by Matt Murray with a rebound.
13:07 of 1st period - Snap shot by Michael Frolik.
13:07 of 1st period - Shot Blocked by Andrew Ladd.
13:50 of 1st period - Snap shot by Dennis Everberg.
13:50 of 1st period - Deflect By Tim Schaller.
13:50 of 1st period - Shot Misses the Net.
13:50 of 1st period - Puck is out of play.
13:51 of 1st period - Tomas Nosek wins face-off versus Evgeny Grachev in Stars zone.
13:56 of 1st period - Wrist shot by Tim Schaller.
13:56 of 1st period - Shot Misses the Net.
13:58 of 1st period - Slapshot by Dmitry Sinitsyn.
13:58 of 1st period - Shot Misses the Net.
15:14 of 1st period - Wrist shot by Rostislav Olesz.
15:14 of 1st period - Stopped by Matt Murray with a rebound.
15:16 of 1st period - Snap shot by Rostislav Olesz.
15:16 of 1st period - Shot Blocked by Tyler Wotherspoon.
16:48 of 1st period - Snap shot by Jonathan Drouin.
16:48 of 1st period - Shot Misses the Net.
16:50 of 1st period - Snap shot by Evgeny Kuznetsov.
16:50 of 1st period - Shot Blocked by Eric Gelinas.
17:02 of 1st period - Snap shot by David Backes.
17:02 of 1st period - Stopped by Matt Murray with a rebound.
17:04 of 1st period - Snap shot by David Backes.
17:04 of 1st period - Stopped by Matt Murray with a rebound.
17:06 of 1st period - Wrist shot by Nick Bjugstad.
17:06 of 1st period - Stopped by Matt Murray without a rebound.
17:07 of 1st period - Evgeny Grachev wins face-off versus Nick Bjugstad in Stars zone.
17:07 of 1st period - Evgeny Grachev is hit by David Backes.
17:35 of 1st period - Snap shot by Michael Frolik.
17:35 of 1st period - Shot Misses the Net.
18:08 of 1st period - Wrist shot by Riley Sheahan.
18:08 of 1st period - Stopped by Matt Murray without a rebound.
18:09 of 1st period - Nick Bjugstad wins face-off versus Evgeny Grachev in Stars zone.
19:34 of 1st period - Snap shot by Andrej Sustr.
19:34 of 1st period - Stopped by Martin Jones without a rebound.
19:35 of 1st period - Nick Bjugstad wins face-off versus John Tavares in Senateurs zone.
19:46 of 1st period - Slapshot by John Tavares.
19:46 of 1st period - Shot Misses the Net.
Goals for this period are 0 for Senateurs vs 2 for Stars.
Shots for this period are 10 for Senateurs vs 14 for Stars.
2nd period
0:01 of 2nd period - Nick Bjugstad wins face-off versus John Tavares in neutral zone.
0:03 of 2nd period - Off-side.
0:04 of 2nd period - Nick Bjugstad wins face-off versus John Tavares in neutral zone.
0:07 of 2nd period - Slapshot by Derick Brassard.
0:07 of 2nd period - Stopped by Matt Murray with a rebound.
0:09 of 2nd period - Slapshot by David Backes.
0:09 of 2nd period - Stopped by Matt Murray without a rebound.
0:10 of 2nd period - Nick Bjugstad wins face-off versus John Tavares in Stars zone.
0:25 of 2nd period - Andrej Sustr is hit by Derick Brassard and loses puck.
0:34 of 2nd period - Snap shot by Nick Bjugstad.
0:34 of 2nd period - Shot Misses the Net.
0:36 of 2nd period - Wrist shot by Derick Brassard.
0:36 of 2nd period - Stopped by Matt Murray without a rebound.
0:37 of 2nd period - Michael Frolik wins face-off versus Evgeny Grachev in Stars zone.
1:04 of 2nd period - Ladislav Smid is hit by Cam Atkinson and loses puck.
2:50 of 2nd period - Taylor Chorney is hit by John Tavares and loses puck.
3:19 of 2nd period - Backhand shot by Dennis Everberg.
3:19 of 2nd period - Stopped by Matt Murray without a rebound.
3:20 of 2nd period - Evgeny Grachev wins face-off versus Brandon Sutter in Stars zone.
3:47 of 2nd period - Mark Stuart is hit by Paul Ladue and loses puck.
5:12 of 2nd period - Snap shot by John Tavares.
5:12 of 2nd period - Stopped by Martin Jones without a rebound.
5:13 of 2nd period - John Tavares wins face-off versus Nick Bjugstad in Senateurs zone.
5:16 of 2nd period - Wrist shot by Michael Grabner.
5:16 of 2nd period - Stopped by Martin Jones without a rebound.
5:17 of 2nd period - David Backes wins face-off versus John Tavares in Senateurs zone.
5:52 of 2nd period - Slapshot by Andrej Sustr.
5:52 of 2nd period - Stopped by Martin Jones with a rebound.
6:33 of 2nd period - David Backes is hit by Paul Ladue and loses puck.
6:48 of 2nd period - Wrist shot by Erik Gudbranson.
6:48 of 2nd period - Stopped by Matt Murray without a rebound.
6:49 of 2nd period - John Tavares wins face-off versus Tomas Nosek in Stars zone.
6:55 of 2nd period - Off-side.
6:56 of 2nd period - John Tavares wins face-off versus David Backes in neutral zone.
7:14 of 2nd period - Minor Penalty to Michael Grabner for Tripping.
7:15 of 2nd period - Nick Bjugstad wins face-off versus John Tavares in Stars zone.
8:53 of 2nd period - Icing by Nick Bjugstad.
8:54 of 2nd period - Evgeny Grachev wins face-off versus Jordan Martinook in Senateurs zone.
9:14 of 2nd period - Penalty to Michael Grabner is over, Michael Grabner is back on ice.
9:47 of 2nd period - Scott Kosmachuck is hit by Tim Schaller and loses puck.
10:06 of 2nd period - Evgeny Grachev is hit by Michael Frolik.
10:10 of 2nd period - Wrist shot by Ben Chiarot.
10:10 of 2nd period - Deflect By Eric Gelinas.
10:10 of 2nd period - Stopped by Martin Jones with a rebound.
10:12 of 2nd period - Slapshot by Ben Chiarot.
10:12 of 2nd period - Shot Misses the Net.
10:14 of 2nd period - Snap shot by Alex Chiasson.
10:14 of 2nd period - Stopped by Martin Jones with a rebound.
10:16 of 2nd period - Slapshot by Paul Ladue.
10:16 of 2nd period - Deflect By Andrew Ladd.
10:16 of 2nd period - Shot Misses the Net.
10:16 of 2nd period - Puck is out of play.
10:17 of 2nd period - John Tavares wins face-off versus Derick Brassard in Senateurs zone.
10:34 of 2nd period - David Backes is hit by Michael Grabner and loses puck.
10:51 of 2nd period - Wrist shot by Jordan Martinook.
10:51 of 2nd period - Shot Misses the Net.
10:53 of 2nd period - Wrist shot by Michael Frolik.
10:53 of 2nd period - Shot Blocked by Tyler Wotherspoon.
10:55 of 2nd period - Backhand shot by Jordan Martinook.
10:55 of 2nd period - Stopped by Matt Murray without a rebound.
10:56 of 2nd period - Brandon Sutter wins face-off versus John Tavares in Stars zone.
11:23 of 2nd period - Andrew Ladd is hit by Derick Brassard and loses puck.
11:24 of 2nd period - Andrew Ladd from Stars is injured at 11:24 of 2nd period (Sprained Right Ankle).
11:25 of 2nd period - Nick Bjugstad wins face-off versus John Tavares in Stars zone.
12:18 of 2nd period - Backhand shot by Pierre-Edouard Bellemare.
12:18 of 2nd period - Shot Hit the Post.
13:10 of 2nd period - Ladislav Smid is hit by Guillaume Latendresse and loses puck.
13:52 of 2nd period - Slapshot by Andrej Sustr.
13:52 of 2nd period - Stopped by Martin Jones without a rebound.
13:53 of 2nd period - Pierre-Edouard Bellemare wins face-off versus Evgeny Grachev in Senateurs zone.
14:26 of 2nd period - Wrist shot by Michael Frolik.
14:26 of 2nd period - Shot Misses the Net.
14:42 of 2nd period - Slapshot by Scott Kosmachuck.
14:42 of 2nd period - Shot Blocked by Dmitry Sinitsyn.
14:44 of 2nd period - Slapshot by Tyler Wotherspoon.
14:44 of 2nd period - Shot Blocked by Derick Brassard.
14:46 of 2nd period - Snap shot by Tobias Rieder.
14:46 of 2nd period - Stopped by Martin Jones with a rebound.
14:48 of 2nd period - Snap shot by Tobias Rieder.
14:48 of 2nd period - Stopped by Martin Jones with a rebound.
15:46 of 2nd period - Snap shot by Jordan Martinook.
15:46 of 2nd period - Stopped by Matt Murray with a rebound.
16:22 of 2nd period - Slapshot by Michael Grabner.
16:22 of 2nd period - Shot Blocked by Erik Gudbranson.
17:08 of 2nd period - Evgeny Grachev is hit by Erik Gudbranson and loses puck.
17:44 of 2nd period - Minor Penalty to Brian Lee for Holding.
17:45 of 2nd period - John Tavares wins face-off versus Nick Bjugstad in Stars zone.
18:18 of 2nd period - Slapshot by Brandon Sutter.
18:18 of 2nd period - Goal by Brandon Sutter - Senateurs : 1 - Stars : 2.
18:19 of 2nd period - Nick Bjugstad wins face-off versus Guillaume Latendresse in neutral zone.
18:33 of 2nd period - Snap shot by Nick Bjugstad.
18:33 of 2nd period - Stopped by Matt Murray without a rebound.
18:34 of 2nd period - David Backes wins face-off versus Evgeny Grachev in Stars zone.
18:37 of 2nd period - Snap shot by David Backes.
18:37 of 2nd period - Shot Misses the Net.
18:39 of 2nd period - Slapshot by Erik Gudbranson.
18:39 of 2nd period - Shot Misses the Net.
18:41 of 2nd period - Snap shot by Erik Gudbranson.
18:41 of 2nd period - Deflect By Derick Brassard.
18:41 of 2nd period - Shot Misses the Net.
18:41 of 2nd period - Puck is out of play.
18:42 of 2nd period - Nick Bjugstad wins face-off versus Evgeny Grachev in Stars zone.
18:45 of 2nd period - Slapshot by Derick Brassard.
18:45 of 2nd period - Shot Blocked by Andrej Sustr.
18:47 of 2nd period - Slapshot by Nick Bjugstad.
18:47 of 2nd period - Stopped by Matt Murray without a rebound.
18:48 of 2nd period - John Tavares wins face-off versus Nick Bjugstad in Stars zone.
18:50 of 2nd period - Minor Penalty to John Tavares for Tripping.
18:51 of 2nd period - Derick Brassard wins face-off versus Evgeny Grachev in Stars zone.
19:53 of 2nd period - Double Minor Penalty to Ladislav Smid for Roughing.
19:54 of 2nd period - Nick Bjugstad wins face-off versus Jonathan Drouin in Senateurs zone.
Goals for this period are 1 for Senateurs vs 0 for Stars.
Shots for this period are 10 for Senateurs vs 8 for Stars.
3rd period
0:01 of 3rd period - Nick Bjugstad wins face-off versus Guillaume Latendresse in neutral zone.
0:50 of 3rd period - Penalty to John Tavares is over, John Tavares is back on ice.
0:59 of 3rd period - Slapshot by Paul Ladue.
0:59 of 3rd period - Stopped by Martin Jones with a rebound.
1:17 of 3rd period - Snap shot by Tobias Rieder.
1:17 of 3rd period - Stopped by Martin Jones without a rebound.
1:18 of 3rd period - Derick Brassard wins face-off versus Evgeny Grachev in Senateurs zone.
1:41 of 3rd period - Backhand shot by Andrej Sustr.
1:41 of 3rd period - Shot Misses the Net.
1:43 of 3rd period - Slapshot by Michael Grabner.
1:43 of 3rd period - Stopped by Martin Jones with a rebound.
3:19 of 3rd period - Michael Frolik is hit by Cam Atkinson and loses puck.
3:53 of 3rd period - Penalty to Ladislav Smid is over, Ladislav Smid is back on ice.
4:00 of 3rd period - Ben Chiarot is hit by Dennis Everberg and loses puck.
4:15 of 3rd period - Evgeny Kuznetsov is hit by Rostislav Olesz and loses puck.
4:28 of 3rd period - Tyler Wotherspoon is hit by Ladislav Smid and loses puck.
5:10 of 3rd period - Cam Atkinson is hit by Jordan Martinook and loses puck.
6:02 of 3rd period - Snap shot by Michael Frolik.
6:02 of 3rd period - Shot Blocked by Evgeny Kuznetsov.
6:04 of 3rd period - Slapshot by Brandon Sutter.
6:04 of 3rd period - Stopped by Matt Murray without a rebound.
6:05 of 3rd period - Brandon Sutter wins face-off versus Evgeny Kuznetsov in Stars zone.
6:08 of 3rd period - Wrist shot by Brandon Sutter.
6:08 of 3rd period - Shot Misses the Net.
6:12 of 3rd period - Wrist shot by Jordan Martinook.
6:12 of 3rd period - Shot Blocked by Boris Valabik.
6:14 of 3rd period - Wrist shot by Ladislav Smid.
6:14 of 3rd period - Stopped by Matt Murray with a rebound.
6:16 of 3rd period - Slapshot by Dmitry Sinitsyn.
6:16 of 3rd period - Deflect By Andrej Sustr.
6:16 of 3rd period - Stopped by Matt Murray with a rebound.
6:54 of 3rd period - Wrist shot by Dennis Everberg.
6:54 of 3rd period - Stopped by Matt Murray with a rebound.
6:58 of 3rd period - Snap shot by Dennis Everberg.
6:58 of 3rd period - Stopped by Matt Murray with a rebound.
7:40 of 3rd period - Wrist shot by Cam Atkinson.
7:40 of 3rd period - Stopped by Martin Jones with a rebound.
7:50 of 3rd period - Nick Bjugstad is hit by Michael Grabner and loses puck.
8:09 of 3rd period - Snap shot by Riley Sheahan.
8:09 of 3rd period - Stopped by Matt Murray with a rebound.
8:11 of 3rd period - Slapshot by Dmitry Sinitsyn.
8:11 of 3rd period - Stopped by Matt Murray with a rebound.
8:13 of 3rd period - Slapshot by Pierre-Edouard Bellemare.
8:13 of 3rd period - Goal by Pierre-Edouard Bellemare - Senateurs : 2 - Stars : 2.
8:14 of 3rd period - Nick Bjugstad wins face-off versus Michael Grabner in neutral zone.
8:40 of 3rd period - Eric Gelinas is hit by Alex Chiasson and loses puck.
9:15 of 3rd period - Wrist shot by Michael Frolik.
9:15 of 3rd period - Shot Misses the Net.
9:51 of 3rd period - Pierre-Edouard Bellemare is hit by Ben Chiarot and loses puck.
10:08 of 3rd period - Snap shot by Rostislav Olesz.
10:08 of 3rd period - Stopped by Matt Murray without a rebound.
10:09 of 3rd period - Jordan Martinook wins face-off versus John Tavares in Stars zone.
10:46 of 3rd period - Jordan Martinook is hit by Brian Lee and loses puck.
10:57 of 3rd period - Snap shot by Scott Kosmachuck.
10:57 of 3rd period - Stopped by Martin Jones with a rebound.
11:30 of 3rd period - Wrist shot by Michael Frolik.
11:30 of 3rd period - Stopped by Matt Murray with a rebound.
11:32 of 3rd period - Slapshot by Eric Gelinas.
11:32 of 3rd period - Shot Misses the Net.
11:48 of 3rd period - Ben Chiarot is hit by Jordan Martinook and loses puck.
11:59 of 3rd period - Snap shot by Michael Grabner.
11:59 of 3rd period - Shot Misses the Net.
12:11 of 3rd period - Snap shot by Michael Frolik.
12:11 of 3rd period - Stopped by Matt Murray without a rebound.
12:12 of 3rd period - David Backes wins face-off versus Evgeny Grachev in Stars zone.
12:35 of 3rd period - Minor Penalty to Derick Brassard for Holding.
12:36 of 3rd period - Evgeny Grachev wins face-off versus Nick Bjugstad in Senateurs zone.
12:37 of 3rd period - Snap shot by Alex Chiasson.
12:37 of 3rd period - Shot Blocked by Mark Stuart.
12:46 of 3rd period - Icing by Jonathan Drouin.
12:47 of 3rd period - Nick Bjugstad wins face-off versus Jonathan Drouin in Stars zone.
12:54 of 3rd period - Snap shot by Boris Valabik.
12:54 of 3rd period - Shot Misses the Net.
13:14 of 3rd period - Wrist shot by Jonathan Drouin.
13:14 of 3rd period - Goal by Jonathan Drouin - Senateurs : 2 - Stars : 3.
13:15 of 3rd period - Nick Bjugstad wins face-off versus Guillaume Latendresse in neutral zone.
13:17 of 3rd period - Minor Penalty to Derick Brassard for Tripping.
13:18 of 3rd period - Michael Grabner wins face-off versus Nick Bjugstad in Senateurs zone.
13:28 of 3rd period - Snap shot by Michael Frolik.
13:28 of 3rd period - Stopped by Matt Murray without a rebound.
13:29 of 3rd period - John Tavares wins face-off versus Nick Bjugstad in Stars zone.
14:00 of 3rd period - Off-side.
14:01 of 3rd period - Nick Bjugstad wins face-off versus John Tavares in neutral zone.
14:06 of 3rd period - Guillaume Latendresse is hit by Jordan Martinook and loses puck.
15:17 of 3rd period - Penalty to Derick Brassard is over, Derick Brassard is back on ice.
16:49 of 3rd period - Michael Grabner is hit by Tim Schaller and loses puck.
18:27 of 3rd period - Dmitry Sinitsyn is hit by Alex Chiasson and loses puck.
18:57 of 3rd period - Senateurs, Martin Jones is pulled from the net.
19:38 of 3rd period - Snap shot by John Tavares.
19:38 of 3rd period - Shot Misses the Net.
19:44 of 3rd period - Wrist shot by John Tavares.
19:44 of 3rd period - Goal by John Tavares - Senateurs : 2 - Stars : 4.
19:44 of 3rd period - Martin Jones from Senateurs was sent back in the game.
19:45 of 3rd period - Tobias Rieder wins face-off versus Michael Frolik in neutral zone.
Goals for this period are 1 for Senateurs vs 2 for Stars.
Shots for this period are 12 for Senateurs vs 7 for Stars.